 Dungeon Crawl Stone Soup version 0.15-a0-53-g5e01d95 (webtiles) character file.

205869 marcus the Blocker (level 19, -7/153 HPs)
             Began as a Formicid Fighter on Apr 4, 2014.
             Was the Champion of Okawaru.
             Mangled by a large abomination (19 damage)
             ... created by a deep elf priest
             ... on Level 1 of the Elven Halls.
             The game lasted 03:20:51 (47336 turns).

marcus the Blocker (Formicid Fighter)              Turns: 47336, Time: 03:20:51

HP  -7/153       AC 29     Str 25      XL: 19   Next: 36%
MP  36/36        EV  4     Int  7 (8)  God: Okawaru [******]
Gold 1375        SH  0     Dex 20      Spells:  0 memorised, 18 levels left

rFire  . . .     SeeInvis +     a - +7,+11 dire flail "Phuynu" {freeze, Dex+3 Stlth++}
rCold  + . .     Clarity  .     P - +3 plate armour {rPois}
rNeg   + . .     Conserve .     C - +27 shield of the gong {rElec rN+ MR+ EV-5}
rPois  +         rCorr    .     (helmet unavailable)
rElec  +         rRot     .     F - +2 cloak
SustAb . .       Spirit   .     J - +2 pair of gloves {Dex+3}
rMut   .         Warding  .     U - +1 pair of boots of Courage {rC+}
Saprov . . .     Stasis   +     s - amulet of faith
MR     ++...                    d - +2 ring of evasion
                                g - ring of invisibility

@: confused, lethally poisoned, very resistant to hostile enchantments,
extremely unstealthy
A: permanent stasis, dig shafts and tunnels, four strong arms, antennae 3,
rugged brown scales 1, herbivore 1
a: Dig, Shaft Self, Heroism, Renounce Religion, Evoke Invisibility
}: 1/15 runes: decaying


You were on level 1 of the Elven Halls.
You worshipped Okawaru.
Okawaru was exalted by your worship.
You were very hungry.

You visited 8 branches of the dungeon, and saw 39 of its levels.
You also visited: Ossuary.

You collected 4134 gold pieces.
You spent 2759 gold pieces at shops.

Inventory:

Hand weapons
 a - the +7,+11 dire flail "Phuynu" (weapon) {freeze, Dex+3 Stlth++}
   (You found it on level 5 of the Dungeon)

   It has been specially enchanted to freeze those struck by it, causing extra
   injury to most foes and up to double damage against particularly susceptible
   opponents.
   It can also slow down cold-blooded creatures.
   It affects your dexterity (+3).
   It makes you much more stealthy.
Missiles
 A - 3 large rocks (quivered)
Armour
 C - the +27 shield of the gong (worn) {rElec rN+ MR+ EV-5}
   (You bought it in a shop on level 3 of the Snake Pit)

   It affects your evasion (-5).
   It insulates you from electricity.
   It protects you from negative energy.
   It affects your resistance to hostile enchantments.
 F - a +2 cloak (worn)
 J - a +2 pair of gloves of dexterity (worn)
 P - a +3 plate armour of poison resistance (worn)
 U - the +1 pair of boots of Courage (worn) {rC+}
   (Okawaru gifted it to you on level 13 of the Dungeon)

   It protects you from cold.
Magical devices
 b - a wand of fireball (3)
 c - a wand of confusion (0)
 j - a wand of random effects (18)
 l - a wand of disintegration (10)
 m - a wand of frost (16)
 o - a wand of cold (6)
 z - a wand of flame (7)
 G - a wand of paralysis (8)
 I - a wand of teleportation (1)
 L - a wand of polymorph (6)
 M - a wand of slowing (4)
 O - a wand of cold (5)
Comestibles
 r - 12 meat rations
 Q - a royal jelly
Scrolls
 f - 2 scrolls of fear
 h - 4 scrolls of remove curse
 v - a scroll of recharging
 B - 5 scrolls of identify
 R - a scroll of magic mapping
 S - a scroll of vulnerability
Jewellery
 d - a +2 ring of evasion (right hand)
 g - a ring of invisibility (left hand)
 s - an amulet of faith (around neck)
Potions
 e - 4 potions of might
 n - 13 potions of curing
 u - 2 potions of restore abilities
 x - a potion of resistance
Miscellaneous
 p - a plain deck of defence {Warpwright}


   Skills:
 + Level 13.2 Fighting
 + Level 15.7 Maces & Flails
 * Level 9.5 Throwing
 + Level 11.9 Armour
 + Level 16.4 Shields
 * Level 15.2 Invocations
 * Level 13.4 Evocations


You had 18 spell levels left.
You didn't know any spells.

Dungeon Overview and Level Annotations

Branches:
Dungeon (15/15)            Temple (1/1) D:7             Orc (4/4) D:12
    Elf (1/3) Orc:3          Lair (8/8) D:9           Swamp (5/5) Lair:4
  Snake (4/5) Lair:3        Slime (0/6) Lair:8       Vaults (1/5) D:14
 Depths (0/5) D:15

Altars:
Ashenzari
Cheibriados
Elyvilon
Fedhas
Nemelex Xobeh
Okawaru
Sif Muna
Trog
The Shining One
Beogh

Shops:
D:8 =*?   D:11 %%%   D:14 ?:   Orc:4 [((*   Snake:1 ?   Snake:2 [   Snake:3 [

Annotations:
Vaults:1 therealpatrickswayze's ghost, mighty OgWr


Innate Abilities, Weirdness & Mutations

Your are under a permanent stasis effect.
You can dig through walls and to a lower floor.
Your four strong arms can wield two-handed weapons with a shield.
You have a pair of large antennae on your head (SInv).
You are partially covered in rugged brown scales (AC +1, +3% HP).
You digest meat inefficiently.


Message History

The large abomination hits you but does no damage.
The deep elf priest hits you but does no damage.
The redback barely misses you.
You hit the jumping spider. You freeze the jumping spider.
The jumping spider is moderately wounded.
* * * LOW HITPOINT WARNING * * *
You feel sick. The redback bites you.
* * * LOW HITPOINT WARNING * * *
The redback splashes around in the water.
The redback bites you but does no damage.
The jumping spider pounces on you but does no damage.
The jumping spider bites you but does no damage.
Your unstable footing causes you to fumble your attack.
* * * LOW HITPOINT WARNING * * *
You feel sick. The redback completely misses you.
The deep elf summoner gestures wildly while chanting.
The deep elf summoner blinks!
The redback bites you but does no damage.
The large abomination hits you!
You die...

#..... #...... #...#.#
# #..... .. ##########
#.... .# ##...≈≈≈..#
#..##..##
##..e.≈≈≈..###*.......
#..sss≈≈≈≈...(ee≈..#
#..ss@ee≈≈.{≈≈≈≈x≈.≈..
#.<.ssX≈≈≈.;≈≈≈≈≈≈≈≈≈.
#...er≈[≈≈.≈≈≈≈≈≈≈≈≈≈.
#....≈[≈≈≈(.≈≈≈≈≈≈≈≈≈≈
##....≈≈≈..(≈≈≈≈≈≈≈≈≈≈
##...≈≈≈)..≈≈≈≈≈≈≈≈≈
########..≈≈≈≈≈≈≈≈
..≈≈≈≈≈≈≈≈ ###≈≈≈≈≈≈≈≈


You could see a demonic crawler, 2 deep elf summoners, a large abomination, a
deep elf conjurer, a jumping spider, a deep elf priest, a tarantella, 4
redbacks, a big fish and an orange rat.

Vanquished Creatures
  Norris (Snake:3)
  Vashnia (Snake:2)
  2 thorn hunters (Swamp:5)
  A greater naga (Snake:3)
  Maud (Lair:7)
  Aizul (Snake:2)
  Louise (Swamp:3)
  2 orc warlords
  A large abomination (Orc:3)
  Snorg (Swamp:3)
  A yaktaur captain (Vaults:1)
  2 ice dragons (D:15)
  2 naga warriors
  8 alligators
  A ravenous feature mimic (Snake:2)
  4 anacondas
  33 hydras
  Erica (Lair:2)
  2 shambling mangroves
  4 orc high priests
  7 centaur warriors
  9 naga sharpshooters
  A catoblepas (D:13)
  2 shock serpents
  4 death yaks (Lair:4)
  2 deep elf knights
  A salamander mystic (Snake:4)
  An iron troll (D:14)
  2 shadow wraiths
  A sea snake (Snake:2)
  A giant orange brain (Vaults:1)
  2 spriggan druids (Swamp:4)
  8 swamp dragons
  2 wizards (D:14)
  2 deep elf summoners (Elf:1)
  3 naga ritualists
  5 hill giants
  5 orc knights
  An oklob plant (D:14)
  An orc sorcerer (Orc:4)
  A manticore (shapeshifter) (D:14)
  2 red wasps
  A draconian (shapeshifter) (D:14)
  2 griffons
  3 mana vipers
  3 salamanders (Snake:4)
  3 manticores
  8 elephants
  32 black mambas
  5 cyclopes
  A guardian serpent (Snake:3)
  A queen ant (Lair:1)
  A feature mimic (Lair:5)
  A kobold demonologist (D:14)
  2 gargoyles (D:13)
  3 naga magi
  19 spiny frogs
  2 vapours (Swamp:1)
  A small abomination (Elf:1)
  10 fire drakes
  2 deep elf priests (Elf:1)
  A centaur skeleton (D:11)
  An elf (shapeshifter) (D:13)
  8 komodo dragons
  2 jumping spiders (Elf:1)
  8 trolls
  2 yaktaurs
  A wind drake (shapeshifter) (D:15)
  18 giant fireflies
  14 giant leeches
  Prince Ribbit (D:7)
  A trapdoor spider zombie (D:13)
  21 slime creatures
  3 baby alligators (Swamp:4)
  5 boggarts
  A griffon zombie (D:15)
  2 boulder beetles
  10 ravens
  6 grizzly bears (Lair:8)
  13 bog bodies
  A red wasp zombie (D:13)
  A brown ooze (shapeshifter) (D:15)
  10 blink frogs
  25 spriggans
  20 yaks
  2 shadows
  A wraith (D:11)
  7 basilisks
  3 thorn lotuses
  A water elemental (D:15)
  2 griffon skeletons
  2 sharks (Elf:1)
  17 hippogriffs
  44 ugly things
  A hungry ghost (D:9)
  An elephant slug (Lair:8)
  2 vampires
  5 wyverns
  5 deep elf magi
  A tarantella (Elf:1)
  Grum (D:9)
  6 wargs
  25 wolves
  8 deep elf fighters (Elf:1)
  A hill giant skeleton (D:14)
  A neqoxec (Orc:4)
  2 necrophages
  24 swamp worms
  A mottled dragon (D:13)
  12 porcupines
  A naga (shapeshifter) (D:15)
  15 vampire mosquitoes
  3 yellow wasps (Swamp:4)
  4 sky beasts
  9 swamp drakes
  29 water moccasins
  42 orc warriors
  7 black bears
  10 soldier ants
  2 hell hounds (Lair:6)
  20 nagas
  2 ice beasts
  4 phantoms
  7 ogres
  9 centaurs
  A fire dragon simulacrum (D:15)
  3 giant goldfish
  2 boring beetles
  An ogre (shapeshifter) (D:15)
  Sigmund (D:3)
  18 crocodiles
  2 lava worms (D:10)
  6 big kobolds
  4 giant slugs
  A wyvern zombie (D:13)
  A hill giant simulacrum (D:13)
  A cyclops zombie (D:13)
  20 giant frogs
  2 yaktaur skeletons
  12 insubstantial wisps
  11 killer bees
  A cyclops skeleton (D:15)
  An eye of draining (D:11)
  5 scorpions
  20 wights
  An electric eel (Snake:2)
  8 crimson imps
  4 big fish
  A giant frog zombie (D:13)
  2 goliath beetles
  2 lava snakes
  Crazy Yiuf (D:5)
  36 orc priests
  A quasit (D:10)
  12 hounds
  5 jellies
  31 orc wizards
  7 iguanas
  Natasha (twice) (D:3)
  A two-headed ogre skeleton (D:6)
  9 orange rats
  30 worker ants
  21 sheep
  Ijyb (D:3)
  Jessica (D:2)
  2 giant frog simulacra (D:13)
  A hound skeleton (D:9)
  A mummy (D:7)
  8 gnolls
  37 green rats
  27 adders
  A scorpion zombie (D:3)
  An inept item mimic (D:3)
  2 giant mites
  An inept feature mimic (D:5)
  A shadow imp (D:5)
  4 worms
  An adder zombie (D:3)
  2 giant eyeballs
  6 giant geckos
  2 oozes (D:3)
  188 orcs
  6 giant cockroaches
  A gnoll zombie (Ossuary)
  13 hobgoblins
  8 jackals
  35 kobolds
  12 quokkas
  8 ball pythons
  18 bats
  A giant cockroach zombie (D:6)
  9 giant newts
  A giant newt skeleton (D:3)
  A giant newt zombie (D:3)
  A giant spore (D:6)
  A gnoll skeleton (D:3)
  28 goblins
  3 goblin zombies
  2 hobgoblin skeletons (D:3)
  A hobgoblin zombie (D:6)
  A jackal zombie (Ossuary)
  A kobold skeleton (D:3)
  2 orc skeletons
  4 orc zombies
  47 rats
  A rat skeleton (D:4)
  3 rat zombies
  13 ballistomycetes
  7 fungi (D:9)
  A plant (Lair:8)
1550 creatures vanquished.

Vanquished Creatures (collateral kills)
  A black mamba (Lair:4)
1 creature vanquished.

Vanquished Creatures (others)
  Josephine (D:13)
  A necromancer (Vaults:1)
  A water moccasin (Lair:6)
  An orc (Orc:4)
  3 giant spores
  A briar patch (Swamp:5)
  4 fungi
  A plant (Lair:8)
13 creatures vanquished.

Grand Total: 1564 creatures vanquished

Notes
Turn   | Place    | Note
--------------------------------------------------------------
     0 | D:1      | marcus, the Formicid Fighter, began the quest for the Orb.
     0 | D:1      | Reached XP level 1. HP: 18/18 MP: 1/1
   116 | D:1      | Found an iron altar of Okawaru.
   139 | D:1      | Became a worshipper of Warmaster Okawaru
   339 | D:1      | Reached XP level 2. HP: 20/24 MP: 3/3
   659 | D:2      | Reached skill level 4 in Shields
   716 | D:2      | Noticed Jessica
   729 | D:2      | Reached XP level 3. HP: 21/30 MP: 4/4
   740 | D:2      | Killed Jessica
   740 | D:2      | Reached XP level 4. HP: 20/37 MP: 5/5
   888 | D:2      | Found a glowing golden altar of the Shining One.
   901 | D:2      | Found a white marble altar of Elyvilon.
  1223 | D:2      | Reached XP level 5. HP: 42/42 MP: 7/7
  1628 | D:3      | Acquired Okawaru's first power
  1643 | D:3      | Reached skill level 5 in Shields
  1730 | D:3      | Noticed Ijyb
  1745 | D:3      | Killed Ijyb
  1745 | D:3      | Reached XP level 6. HP: 46/49 MP: 8/8
  1846 | D:3      | Noticed Natasha
  1855 | D:3      | Killed Natasha
  2020 | D:3      | Noticed Natasha
  2028 | D:3      | Killed Natasha
  2184 | D:3      | Noticed Sigmund
  2201 | D:3      | Killed Sigmund
  2201 | D:3      | Reached skill level 1 in Invocations
  2372 | D:3      | Reached XP level 7. HP: 55/55 MP: 10/10
  2493 | D:4      | Reached skill level 5 in Armour
  2926 | D:4      | Reached skill level 6 in Shields
  3398 | D:4      | Reached skill level 5 in Fighting
  3398 | D:4      | Reached XP level 8. HP: 37/62 MP: 11/14
  3520 | D:5      | Entered Level 5 of the Dungeon
  3542 | D:5      | Got a transparent dire flail
  3543 | D:5      | Identified the +7,+11 dire flail "Phuynu" {freeze, Dex+3 Stlth++} (You found it on level 5 of the Dungeon)
  3732 | D:5      | Noticed Crazy Yiuf
  3737 | D:5      | Killed Crazy Yiuf
  4471 | D:6      | Reached skill level 5 in Maces & Flails
  4495 | D:6      | Reached skill level 7 in Shields
  4519 | D:6      | Noticed a moth of wrath
  4520 | D:6      | Found a bloodstained altar of Trog.
  5294 | D:6      | Reached XP level 9. HP: 68/68 MP: 18/18
  5493 | D:7      | Found a flagged portal.
  5502 | D:7      | Noticed Prince Ribbit
  5533 | D:7      | Killed Prince Ribbit
  5623 | D:7      | Found a sand-covered staircase.
  5640 | Ossuary  | Entered an ossuary
  5855 | D:7      | Found a staircase to the Ecumenical Temple.
  5972 | D:7      | Reached skill level 5 in Invocations
  6136 | D:7      | Reached skill level 8 in Shields
  6143 | D:7      | Reached skill level 1 in Evocations
  6207 | D:7      | Acquired Okawaru's second power
  6327 | D:8      | Found a shattered altar of Ashenzari.
  6334 | D:8      | Found Zuybbuse's Assorted Antiques.
  6349 | D:8      | Bought a heavily runed emerald amulet for 125 gold pieces
  6379 | D:8      | Found Thrienuilo's Jewellery Shop.
  6419 | D:8      | Reached XP level 10. HP: 72/77 MP: 20/20
  6526 | D:8      | Identified the amulet of Kuef Jup {Faith Hunger+ rN+ MR+ Int+2} (You bought it in a shop on level 8 of the Dungeon)
  6945 | D:8      | Received a gift from Okawaru
  7060 | D:8      | Found a snail-covered altar of Cheibriados.
  7279 | D:8      | Found Psarutir's Magic Scroll Boutique.
  7349 | D:9      | Reached skill level 9 in Shields
  7862 | D:9      | Found a staircase to the Lair.
  7918 | D:9      | Noticed Grum
  7930 | D:9      | Killed Grum
  8442 | D:10     | Entered Level 10 of the Dungeon
  8550 | D:10     | Reached XP level 11. HP: 79/85 MP: 24/24
  8976 | D:10     | Received a gift from Okawaru
  9225 | D:11     | Reached skill level 10 in Shields
  9555 | D:11     | Noticed a cyclops
  9598 | D:11     | Killed a cyclops
  9844 | Temple   | Entered the Ecumenical Temple
 10041 | D:11     | Noticed a seven-headed hydra
 10046 | D:11     | Killed a seven-headed hydra
 10100 | D:11     | Reached skill level 1 in Throwing
 10405 | D:11     | Found Xakhang's Food Shoppe.
 10475 | D:11     | Found Micsuoli's Food Emporium.
 10599 | D:11     | Received a gift from Okawaru
 10599 | D:11     | Reached skill level 10 in Maces & Flails
 10614 | D:11     | Reached XP level 12. HP: 90/94 MP: 26/26
 10675 | D:11     | Found Tammuf's Food Emporium.
 10996 | Lair:1   | Entered Level 1 of the Lair of Beasts
 11151 | Lair:1   | Noticed a five-headed hydra
 11166 | Lair:1   | Killed a five-headed hydra
 11393 | Lair:1   | Reached skill level 11 in Shields
 11835 | Lair:1   | Received a gift from Okawaru
 12299 | Lair:2   | Noticed an eight-headed hydra
 12313 | Lair:2   | Killed an eight-headed hydra
 12362 | Lair:2   | Noticed Erica
 12371 | Lair:2   | Killed Erica
 12887 | Lair:2   | Reached skill level 10 in Invocations
 13206 | Lair:3   | Reached XP level 13. HP: 101/101 MP: 28/28
 13234 | Lair:3   | Got a sparkling silver ring
 13245 | Lair:3   | Found a staircase to the Snake Pit.
 13261 | Lair:3   | Reached skill level 5 in Evocations
 14369 | Lair:4   | Identified the ring "Shoxyn" {Ice +Rage rPois} (You found it on level 3 of the Lair of Beasts)
 14448 | Lair:4   | Received a gift from Okawaru
 14449 | Lair:4   | Got a warped cutlass {god gift}
 14459 | Lair:4   | Got a twisted helmet
 14933 | Lair:4   | Reached skill level 12 in Shields
 14970 | Lair:4   | Found a staircase to the Swamp.
 15563 | Lair:4   | Received a gift from Okawaru
 15949 | Lair:5   | Reached skill level 10 in Fighting
 16482 | Lair:6   | Received a gift from Okawaru
 16523 | Lair:6   | Reached XP level 14. HP: 100/110 MP: 29/29
 16693 | Lair:6   | Reached skill level 5 in Throwing
 17097 | Lair:7   | Received a gift from Okawaru
 17348 | Lair:7   | Noticed Maud
 17368 | Lair:7   | Killed Maud
 18057 | Lair:8   | Entered Level 8 of the Lair of Beasts
 18720 | Lair:8   | Reached skill level 13 in Shields
 18829 | Lair:8   | Received a gift from Okawaru
 18841 | Lair:8   | Got a slimy broad axe {god gift}
 18842 | Lair:8   | Identified the +1,-2 broad axe of Dung {holy, +Rage +Fly} (Okawaru gifted it to you on level 8 of the Lair of Beasts)
 19424 | Lair:8   | Reached XP level 15. HP: 93/117 MP: 31/31
 19481 | Lair:8   | Received a gift from Okawaru
 19661 | Lair:8   | Reached skill level 10 in Armour
 19796 | Lair:8   | Found a staircase to the Slime Pits.
 20003 | Lair:8   | Received a gift from Okawaru
 20004 | Lair:8   | Got an iridescent bow {god gift}
 20248 | Swamp:1  | Entered Level 1 of the Swamp
 21783 | Swamp:2  | Received a gift from Okawaru
 22933 | Swamp:2  | Received a gift from Okawaru
 22934 | Swamp:2  | Got a pair of smoking gloves {god gift}
 22939 | Swamp:2  | Identified the +1 pair of gloves of Isauroog {rF+} (Okawaru gifted it to you on level 2 of the Swamp)
 23357 | Swamp:2  | Reached skill level 10 in Evocations
 23539 | Swamp:2  | Reached XP level 16. HP: 114/125 MP: 32/32
 23821 | Swamp:3  | Noticed Louise
 23838 | Swamp:3  | Killed Louise
 23902 | Swamp:3  | Gained mutation: You have large cloven feet. [potion of mutation]
 23902 | Swamp:3  | Gained mutation: You are frail (-10% HP). [potion of mutation]
 23902 | Swamp:3  | Gained mutation: You have an increased reservoir of magic (+10% MP). [potion of mutation]
 23903 | Swamp:3  | Lost mutation: You are frail (-10% HP). [potion of cure mutation]
 23903 | Swamp:3  | Lost mutation: You have an increased reservoir of magic (+10% MP). [potion of cure mutation]
 23903 | Swamp:3  | Lost mutation: You have large cloven feet. [potion of cure mutation]
 24181 | Swamp:3  | Received a gift from Okawaru
 24197 | Swamp:3  | Reached skill level 14 in Shields
 24464 | Swamp:3  | Identified the +2,+0 bow of the Last Deaths {frost, -Cast Str+3 Int+2} (Okawaru gifted it to you on level 8 of the Lair of Beasts)
 24824 | Swamp:3  | Noticed Snorg
 24843 | Swamp:3  | Killed Snorg
 26651 | Swamp:5  | Entered Level 5 of the Swamp
 27620 | Swamp:5  | Reached XP level 17. HP: 116/133 MP: 34/34
 27651 | Swamp:5  | Noticed a thorn hunter
 27656 | Swamp:5  | Received a gift from Okawaru
 27666 | Swamp:5  | Killed a thorn hunter
 27669 | Swamp:5  | Got a fine mace {god gift}
 27670 | Swamp:5  | Identified the +4,+0 mace of Befeuv {venom, rF+ rC+} (Okawaru gifted it to you on level 5 of the Swamp)
 28678 | Swamp:5  | Got a decaying rune of Zot
 28794 | Swamp:5  | Noticed a thorn hunter
 28809 | Swamp:5  | Killed a thorn hunter
 29639 | D:12     | Found a staircase to the Orcish Mines.
 29929 | D:12     | You fall through a shaft for 3 floors!
 29929 | D:15     | Entered Level 15 of the Dungeon
 30339 | D:15     | Found a staircase to the Depths.
 30448 | D:15     | Received a gift from Okawaru
 30828 | D:14     | Received a gift from Okawaru
 30855 | D:14     | Found a gate to the Vaults.
 31082 | D:13     | Found a bloodstained altar of Trog.
 31154 | D:13     | Got a bloodstained mace
 31155 | D:13     | Identified the +5,+5 mace of Vielitikk {freeze, +Inv rPois rC++ Dex-1} (You found it on level 13 of the Dungeon)
 31194 | D:13     | Noticed Josephine
 31209 | D:13     | Killed Josephine
 31215 | D:13     | Received a gift from Okawaru
 31215 | D:13     | Reached skill level 15 in Shields
 31217 | D:13     | Got a pair of bloodstained boots {god gift}
 31247 | D:13     | Identified the +1 pair of boots of Courage {rC+} (Okawaru gifted it to you on level 13 of the Dungeon)
 31947 | Orc:1    | Entered Level 1 of the Orcish Mines
 33263 | Orc:3    | Found a staircase to the Elven Halls.
 34143 | Orc:1    | Found a roughly hewn altar of Beogh.
 34256 | Orc:4    | Entered Level 4 of the Orcish Mines
 34796 | Orc:4    | Gained mutation: You digest meat inefficiently. [a neqoxec]
 34935 | Orc:4    | Found a roughly hewn altar of Beogh.
 34966 | Orc:4    | Found Unoh's Assorted Antiques.
 34975 | Orc:4    | Received a gift from Okawaru
 35028 | Orc:4    | Found a deep blue altar of Sif Muna.
 35484 | Orc:4    | Found a roughly hewn altar of Beogh.
 35484 | Orc:4    | Found Poraem's Antique Weapon Emporium.
 35573 | Orc:4    | Found a roughly hewn altar of Beogh.
 35707 | Orc:4    | Found a roughly hewn altar of Beogh.
 35707 | Orc:4    | Found Trehaexi's Antique Armour Shoppe.
 35711 | Orc:4    | Found Iqeph's Antique Weapon Emporium.
 36073 | Snake:1  | Entered Level 1 of the Snake Pit
 36168 | Snake:1  | Received a gift from Okawaru
 36359 | Snake:1  | Found Moabauh's Magic Scroll Shoppe.
 36375 | Snake:1  | Received a gift from Okawaru
 36389 | Snake:1  | Reached XP level 18. HP: 109/141 MP: 35/35
 36455 | Snake:1  | Bought a scroll of enchant armour for 112 gold pieces
 36455 | Snake:1  | Bought a scroll of enchant armour for 112 gold pieces
 36455 | Snake:1  | Bought a scroll of enchant armour for 112 gold pieces
 36455 | Snake:1  | Bought a scroll of enchant armour for 112 gold pieces
 36455 | Snake:1  | Bought a scroll of enchant armour for 112 gold pieces
 36915 | Snake:2  | Noticed Vashnia
 36965 | Snake:2  | Received a gift from Okawaru
 38148 | Snake:2  | Reached skill level 15 in Maces & Flails
 38186 | Snake:2  | Killed Vashnia
 38244 | Snake:2  | Found Visaek's Armour Emporium.
 38755 | D:8      | Bought a scroll of recharging for 114 gold pieces
 39028 | Snake:2  | Received a gift from Okawaru
 39407 | Snake:2  | Noticed Aizul
 39425 | Snake:2  | Killed Aizul
 40067 | Snake:3  | Found Greskeq's Armour Shoppe.
 40085 | Snake:3  | Bought the +27 shield of the gong {rElec rN+ MR+ EV-5} for 1786 gold pieces
 40141 | Snake:3  | Noticed Norris
 40163 | Snake:3  | Killed Norris
 40170 | Snake:3  | Received a gift from Okawaru
 40577 | Snake:3  | Got a pair of transparent gloves
 40581 | Snake:3  | Identified the cursed +2 pair of gloves "Jeext" {+Inv SInv} (You found it on level 3 of the Snake Pit)
 40723 | Snake:4  | HP: 5/142 [black mamba (12)]
 41650 | D:13     | Received a gift from Okawaru
 41650 | D:13     | Reached skill level 16 in Shields
 42270 | D:8      | Bought a potion of curing for 50 gold pieces
 42536 | Orc:4    | Bought a potion of curing for 62 gold pieces
 42536 | Orc:4    | Bought a potion of curing for 62 gold pieces
 42863 | D:13     | Reached skill level 15 in Invocations
 43173 | D:13     | Received a gift from Okawaru
 43633 | D:14     | Reached XP level 19. HP: 122/149 MP: 36/36
 43987 | D:14     | Found Xaoczait's Book Boutique.
 44141 | D:14     | Found Hesutwie's Magic Scroll Shoppe.
 45477 | D:15     | Gained mutation: You are partially covered in rugged brown scales (AC +1, +3% HP). [potion of beneficial mutation]
 46307 | Vaults:1 | Entered Level 1 of the Vaults
 46326 | Vaults:1 | Noticed therealpatrickswayze's ghost (mighty OgWr)
 46478 | D:14     | Received a gift from Okawaru
 46829 | Elf:1    | Entered Level 1 of the Elven Halls
 46951 | Orc:3    | Received a gift from Okawaru
 47336 | Elf:1    | Mangled by a large abomination

Action                   |  1- 3 |  4- 6 |  7- 9 | 10-12 | 13-15 | 16-18 | 19-21 || total
-------------------------+-------+-------+-------+-------+-------+-------+-------++-------
Melee: Flail             |    73 |   207 |   121 |       |       |       |       ||   401
       Dire flail        |       |       |   229 |   751 |  1217 |  1952 |   315 ||  4464
Throw: Large rock        |       |       |       |       |     4 |     6 |     1 ||    11
Invok: Heroism           |       |     1 |     1 |       |     1 |     6 |     1 ||    10
 Abil: Dig               |       |       |       |     8 |     3 |     9 |     4 ||    24
       Evoke Invisibilit |       |       |       |       |       |     1 |       ||     1
Evoke: Wand              |       |       |     8 |     4 |    10 |    28 |     1 ||    51
       Deck              |       |       |       |     1 |       |       |       ||     1
  Use: Scroll            |     7 |     3 |     8 |     9 |    14 |    19 |     4 ||    64
       Potion            |       |       |     1 |     1 |     5 |    10 |     2 ||    19
 Stab: Sleeping          |       |       |       |     1 |       |       |       ||     1
